 Dungeon Crawl Stone Soup version 0.16.1-16-gc44b35d (webtiles) character file.

594 jacksonaction the Destroyer (level 7, -8/36 HPs)
             Began as a Tengu Conjurer on Apr 19, 2015.
             Mangled by an ice beast (14 damage)
             ... on level 5 of the Dungeon.
             The game lasted 00:18:58 (4288 turns).

jacksonaction the Destroyer (Tengu Conjurer)        Turns: 4288, Time: 00:18:59

Health: -8/36      AC:  3    Str:  8    XL:     7   Next: 39%
Magic:  13/15      EV: 13    Int: 16    God:
Gold:   162        SH:  0    Dex: 18    Spells: 3 memorised, 3 levels left

rFire  x . .     SeeInvis .     x - +6 spear of the Shining Light {flame, +Inv rF- rN+ Int-2 Dex+4}
rCold  . . .     Clarity  .     a - +0 robe
rNeg   + . .     SustAb   .     (no shield)
rPois  .         Gourm    .     (helmet restricted)
rElec  .         Spirit   .     v - +0 cloak
rCorr  .         Warding  .     (no gloves)
rMut   .         Stasis   .     (boots unavailable)
MR     .....                    (no amulet)
Stlth  ++........               (no ring)
                                (no ring)

@: not resistant to hostile enchantments, unstealthy
A: able to fly, beak, talons 3
a: Fly, Evoke Invisibility


You were on level 5 of the Dungeon.
You were hungry.

You visited 1 branch of the dungeon, and saw 5 of its levels.

You collected 162 gold pieces.

Inventory:

Hand weapons
 x - the +6 spear of the Shining Light (weapon) {flame, +Inv rF- rN+ Int-2 Dex+4}
   (You found it on level 4 of the Dungeon)

   It has been specially enchanted to burn those struck by it, causing extra
   injury to most foes and up to half again as much damage against particularly
   susceptible opponents.
   It affects your intelligence (-2).
   It affects your dexterity (+4).
   It makes you vulnerable to fire.
   It protects you from negative energy.
   It lets you turn invisible.
Missiles
 f - 56 stones (quivered)
 o - 25 poisoned needles
Armour
 a - a +0 robe (worn)
 v - a +0 cloak (worn)
Jewellery
 d - a cursed ring of teleportation {unknown}
 j - an uncursed ring of protection from fire {unknown}
 l - a +4 ring of dexterity {unknown}
 B - an uncursed ring of see invisible {unknown}
Magical devices
 k - a wand of frost (27)
Scrolls
 e - a scroll of enchant armour {unknown}
 i - a scroll of blinking {unknown}
 q - 2 scrolls of identify {unknown}
 t - 2 scrolls of amnesia {unknown}
 y - a scroll of enchant weapon {unknown}
 A - a scroll of magic mapping {unknown}
Potions
 g - a potion of brilliance {unknown}
 h - 4 potions of curing {unknown}
 n - 3 potions of heal wounds {unknown}
 p - a potion of haste {unknown}
 r - a potion of cancellation {unknown}
 w - a potion of invisibility {unknown}
Books
 c - a book of Conjurations

   Spells                             Type                      Level
   a - Magic Dart                     Conjuration                  1
   b - Searing Ray                    Conjuration                  2
   c - Dazzling Spray                 Conjuration/Hexes            3
   d - Fulminant Prism                Conjuration/Hexes            4
   e - Iskenderun's Mystic Blast      Conjuration                  4
   f - Iskenderun's Battlesphere      Conjuration/Charms           5
Comestibles
 b - 4 bread rations
 m - a slice of pizza
 s - a chunk of flesh
 u - 2 fruits
 z - a meat ration


   Skills:
 - Level 2.1 Dodging
 - Level 2.0 Stealth
 - Level 2.8 Spellcasting
 + Level 9.6 Conjurations
 - Level 3.0 Charms


You had 3 spell levels left.
You knew the following spells:

 Your Spells              Type           Power        Failure   Level  Hunger
a - Magic Dart            Conj           ####         1%          1    #......
b - Searing Ray           Conj           ####..       1%          2    ##.....
c - Iskenderun's Battles  Conj/Chrm      ###.....     38%         5    ######.


Dungeon Overview and Level Annotations

Branches:
Dungeon (5/15)
 Temple: D:4-7

Altars:
Elyvilon
Gozag


Innate Abilities, Weirdness & Mutations

You can fly.
You have a beak for a mouth.
You have claws for feet.


Message History

You barely miss the ice beast.
You claw the ice beast, but do no damage.
The ice beast is heavily wounded.
The ice beast hits you but does no damage.
You barely miss the ice beast.
The ice beast is heavily wounded.
The ice beast hits you. The ice beast freezes you!
* * * LOW HITPOINT WARNING * * *
Casting: Magic Dart
Confirm with . or Enter, or press ? or * to list all spells.
Aiming: Searing Ray
Press: ? - help, Shift-Dir - straight line, f/p - ice beast
Aim: an ice beast (heavily wounded)
The searing ray hits the ice beast.
The ice beast is severely wounded.
You are feeling hungry.
The ice beast hits you.
* * * LOW HITPOINT WARNING * * *
The ice beast freezes you!
You die...

.......###.........###.##
#......
........[..........# #..#
#......
...##+####.###.....# ##.#
#...... .<.. #.#
#.....####.###...... ...
#.# #...................
#.#####+#######.##......
#......................#
#######.#######.##......
#@# #..#...... #Y#
##.#...... #.#
######........
#.#............... ...
..#####....... ###
#........ #.##.....
#........ #........


You could see an ice beast.

Vanquished Creatures
  An ogre (D:3)
  A phantom (D:5)
  2 scorpions (D:4)
  A hound (D:4)
  An iguana (D:4)
  A worker ant (D:4)
  2 orc wizards (D:4)
  8 adders
  A giant mite (D:2)
  4 worms
  4 giant geckos
  An ooze (D:4)
  10 orcs
  3 giant cockroaches
  11 goblins
  6 hobgoblins
  10 bats
  A giant gecko skeleton (D:3)
  A giant newt (D:1)
  A jackal skeleton (D:4)
  6 kobolds
  12 rats
88 creatures vanquished.

Vanquished Creatures (others)
  A quokka (D:4)
1 creature vanquished.

Grand Total: 89 creatures vanquished

Notes
Turn   | Place    | Note
--------------------------------------------------------------
     0 | D:1      | jacksonaction, the Tengu Conjurer, began the quest for the Orb.
     0 | D:1      | Reached XP level 1. HP: 10/10 MP: 3/3
   291 | D:1      | Reached XP level 2. HP: 15/15 MP: 3/5
   295 | D:1      | Learned a level 2 spell: Searing Ray
   559 | D:1      | Reached skill level 6 in Conjurations
  1236 | D:2      | Reached XP level 3. HP: 19/19 MP: 2/7
  1848 | D:3      | Noticed an ogre
  1944 | D:3      | Reached skill level 7 in Conjurations
  1944 | D:3      | Reached XP level 4. HP: 24/24 MP: 4/8
  2062 | D:3      | Killed an ogre
  2062 | D:3      | Reached XP level 5. HP: 28/28 MP: 4/12
  2209 | D:3      | Reached skill level 8 in Conjurations
  2216 | D:3      | Learned a level 5 spell: Iskenderun's Battlesphere
  2591 | D:3      | Reached skill level 1 in Charms
  3125 | D:4      | Reached XP level 6. HP: 21/32 MP: 3/13
  3416 | D:4      | Got a bloodstained spear
  3417 | D:4      | Identified the +6 spear of the Shining Light {flame, +Inv rF- rN+ Int-2 Dex+4} (You found it on level 4 of the Dungeon)
  3519 | D:4      | Reached XP level 7. HP: 14/36 MP: 5/15
  3675 | D:4      | Reached skill level 9 in Conjurations
  3849 | D:4      | Found a white marble altar of Elyvilon.
  3884 | D:4      | Found an opulent altar of Gozag.
  3987 | D:5      | Entered Level 5 of the Dungeon
  4288 | D:5      | Mangled by an ice beast

Action                   |  1- 3 |  4- 6 |  7- 9 || total
-------------------------+-------+-------+-------++-------
Melee: Unarmed           |       |     3 |       ||     3
       Spear             |       |     7 |    28 ||    35
Throw: Stone             |       |       |     5 ||     5
 Cast: Magic Dart        |    53 |    48 |    13 ||   114
       Searing Ray       |     2 |    13 |     4 ||    19
 Abil: Fly               |       |     1 |       ||     1
 Stab: Sleeping          |       |       |     2 ||     2
  Eat: Chunk             |     4 |     5 |     3 ||    12
